AoeStats
← bigchipp77

Golden Pit

509718911Analyzed
1v1 RM · 6d ago on Sep 27, 2026· 78m 39s· 2 players
Game mode
Random Map
Map size
Tiny (2 player)
Population
200
Speed
Normal
Resources
Standard
Victory
Conquest
Starting age
Dark Age
Ending age
Imperial Age
RankedLock teamsTeams togetherTeam positionsShared explorationLock speedFull tech treeHidden civsTurbo modeCheats
Victory
Defeat
🇺🇸 Koreans · United States
872
+16
🇺🇸 Shu · United States
874
-16
bigchipp77
5:34 Loom
11:06 Feudal Age
12:16 Double-Bit Axe
12:13 Horse Collar
17:01 Forging
22:16 Castle Age
21:03 Stone Mining
22:50 Town Watch
23:42 Wheelbarrow
24:32 Bow Saw
24:26 Heavy Plow
28:13 Town Patrol
28:28 Fletching
32:31 Bodkin Arrow
35:44 Imperial Age
33:42 Hand Cart
34:32 Light Cavalry
35:13 Husbandry
35:25 Scale Barding Armor
35:56 Iron Casting
36:16 Ballistics
36:09 Hussar
38:28 Chain Barding Armor
41:08 Bracer
47:21 Conscription
57:42 Elite Skirmisher
71:08 Stone Shaft Mining
70:24 Gold Mining
72:30 Cavalier
74:28 Masonry
74:31 Siege Engineers
75:28 Chemistry
75:37 Gold Shaft Mining
80-HD
6:54 Loom
9:23 Feudal Age
12:24 Double-Bit Axe
19:26 Castle Age
18:52 Scale Mail Armor
19:42 Forging
20:29 Pikeman
21:10 Squires
26:32 Wheelbarrow
27:00 Stone Mining
28:14 Bow Saw
28:49 Man-at-Arms
29:15 Gambesons
29:58 Long Swordsman
35:18 Imperial Age
32:57 Fletching
33:24 Chain Mail Armor
37:33 Hand Cart
38:20 Two-Handed Swordsman
39:32 Ballistics
45:46 Champion
48:08 Halberdier
52:27 Plate Mail Armor
52:57 Town Watch
56:06 Conscription
55:52 Coiled Serpent Array
58:30 Scale Barding Armor
60:03 Husbandry
66:57 Heavy Hei Guang Cavalry
78:02 Chain Barding Armor
77:10 Light Cavalry
Connection lost

Rejoining the realm…

Still unreachable

The connection could not be restored.

Session expired

The server has moved on; the page needs a fresh start.